 Dungeon Crawl Stone Soup version 0.28.0-53-g5a82cb258f (webtiles) character file.

Game seed: 14078342447671364725

46 Faeu the Skirmisher (level 3, -1/30 HPs)
             Began as a Djinni Transmuter on May 30, 2022.
             Slain by Natasha (7 damage)
             ... on level 2 of the Dungeon.
             The game lasted 00:03:50 (1672 turns).

Faeu the Skirmisher (Djinni Transmuter)             Turns: 1672, Time: 00:03:50

Health: -1/30      AC:  3    Str:  9    XL:     3   Next: 92%
Gold:   47         EV: 12    Int: 14    God:
                   SH:  0    Dex: 15

rFire   + + .      SeeInvis .   g - +1 hand axe (vamp) {axe}
rCold   x . .      Faith    .   (no shield)
rNeg    . . .      Spirit   .   d - +0 leather armour
rPois   ∞          Reflect  .   (no helmet)
rElec   .          Harm     .   (no cloak)
rCorr   .          Rampage  .   (no gloves)
Will    .....                   (boots unavailable)
Stlth   +.........              (no amulet)
HPRegen 0.10/turn               (no ring)
MPRegen 0.00/turn               (no ring)

@: flying, slowed, very slow
A: sickness immunity, fire resistance 2, cold vulnerability 1, float, innate
caster, HP casting, extra vitality 1
a: no special abilities


You were on level 2 of the Dungeon.
You visited 1 branch of the dungeon, and saw 2 of its levels.

You collected 47 gold pieces.


Innate Abilities, Weirdness & Mutations

You are immune to sickness and miasma.
You are immune to poison.
Your flesh is very heat resistant. (rF++)
You are vulnerable to cold. (rC-)
You float through the air rather than walking.
You learn spells naturally, not from books.
Your magical power is your life essence.
You have superior vitality. (+4 MHP)


   Skills:
 + Level 3.4 Fighting
 - Level 2.1 Dodging
 - Level 3.0 Unarmed Combat
 - Level 1.5 Spellcasting


You couldn't memorise any spells.
You knew the following spells:

 Your Spells              Type           Power      Damage    Failure   Level
a - Beastly Appendage     Tmut           10%        N/A       19%         1
b - Wereblood             Tmut           5%         N/A       28%         2
c - Spider Form           Tmut/Pois      5%         N/A       50%         3
d - Ice Form              Ice/Tmut       5%         N/A       88%         4
e - Sting                 Tmut/Pois      20%        1d4       19%         1
Your spell library was empty.

Inventory:

Hand Weapons
 g - a +1 vampiric hand axe (weapon) {axe}
   (You took it off a goblin on level 1 of the Dungeon)
Missiles
 b - 24 sling bullets
 c - 68 stones {throwing}
Armour
 a - a +0 robe
 d - a +0 leather armour (worn)
   (You found it on level 1 of the Dungeon)
Scrolls
 e - a scroll of enchant armour {unknown}
 f - a scroll of magic mapping {unknown}
 h - a scroll of teleportation {unknown}
 i - a scroll of immolation {unknown}

Dungeon Overview and Level Annotations

Branches:
Dungeon (2/15)

Altars:

Annotations:
D:2 Natasha, Sigmund

.............
..#.#.......#
#####.#.#.......#
.....#.#.......#
###...#.# ..<...#
.....#.###.##..#
...#####..#......>..#
#....5h@............# ##
#####.##########.####...
..................... ##
................... #.#
..########......... #.#
. #.##.###.. #.# ..
...... #.##.# . #.# ...
..... #.##.. ... ....
#...########.###.#


You could see Natasha and a shadow imp (summoned).


Message History

Increase (S)trength, (I)ntelligence, or (D)exterity?
You feel agile. x2
The power to cast Sting wells up from within.
Spell assigned to 'e'. 😨 HP[+2]
You now have 30 max hp (+6).
You regained 2 hp, and now have 9/30 hp. 😨 HP[+1] 😨 HP[+1]
There is a stone staircase leading down here.
You start resting.
HP restored. 😎 HP[+19]
c - 57 stones {throwing} (gained 24)
A giant cockroach comes into view.
The giant cockroach bites you. 😕 HP[-2]
You take 2 damage, and now have 28/30 hp.
You closely miss the giant cockroach.
The giant cockroach bites you but does no damage. x2
You hit the giant cockroach but do no damage.
The giant cockroach barely misses you.
The giant cockroach bites you but does no damage.
You hit the giant cockroach but do no damage.
The giant cockroach barely misses you.
You barely miss the giant cockroach.
The giant cockroach closely misses you. x2
You completely miss the giant cockroach.
The giant cockroach bites you but does no damage.
You barely miss the giant cockroach. The giant cockroach barely misses you.
The giant cockroach closely misses you.
You hit the giant cockroach but do no damage.
The giant cockroach barely misses you. 😕 HP[+1]
You hit the giant cockroach. The giant cockroach bites you.
The giant cockroach closely misses you. 😕 HP[-1]
You take 1 damage, and now have 28/30 hp.
You hit the giant cockroach.
You feel better.
You kill the giant cockroach! 😕 HP[+1]
b - 24 sling bullets (gained 13)
You now have 38 gold pieces (gained 8).
c - 68 stones {throwing} (gained 11)
You see here a +0 hand axe {axe}.
No target in view! 😎 HP[+1]
You reach down and open the door.
There is an open door here.
Sigmund the Dreaded comes into view.
He is wielding a +0 scythe.
There is an open door here.
You reach down and close the door.
You reach down and open the door.
There is an open door here.
An endoplasm comes into view.
The helpless endoplasm fails to defend itself.
You hit the endoplasm. The endoplasm hits you. 😕 HP[-1]
You take 1 damage, and now have 29/30 hp.
You slash the endoplasm!
You feel better.
You kill the endoplasm! 😎 HP[+1]
You now have 47 gold pieces (gained 9).
i - a scroll labelled EMERID SUMUYGI Natasha, Servant of Life and Death comes into view.
Natasha moves out of view.
Natasha hisses angrily.
Natasha casts a spell.
You grow a pair of large bovine horns.
Your transformation is almost over.
Natasha stares at you and mumbles some strange words.
The magic dart hits you!
The shadow imp shouts, "Get thee hence, thou feckless swag-bellied buzzard-bait!" 😮 HP[-8]
You take 8 damage, and now have 22/30 hp.
MASSIVE DAMAGE!! (PAUSE) Natasha stares at you and mumbles some strange words.
You feel yourself slow down.
Natasha casts a spell.
Natasha completely misses you.
You closely miss Natasha. Natasha barely misses you.
The crimson imp shouts, "Beg for mercy, thou yeasty bat-fowling wormtrail!"
Natasha claws you. 😮 HP[-2]
You take 2 damage, and now have 20/30 hp.
You hit Natasha. Your headbutt misses Natasha. Natasha barely misses you.
Natasha claws you.
* * * LOW HITPOINT WARNING * * *
😨 HP[-6]
You take 6 damage, and now have 14/30 hp.
You miss Natasha. You punch Natasha.
Your horns disappear.
Natasha claws you!
* * * LOW HITPOINT WARNING * * *
Natasha mewls in sadness.
Natasha claws you but does no damage. 😱 HP[-8]
You take 8 damage, and now have 6/30 hp.
MASSIVE DAMAGE!! (PAUSE)
You barely miss Natasha. Natasha barely misses you. Natasha claws you!
You die...

Skill      XL: |  1  2 |
---------------+-------+-----
Fighting       | 2 3 |  3.4
Dodging        | |  2.1
Unarmed Combat | |  3.0
Spellcasting   | |  1.5

Action                   || total
-------------------------++-------
Melee: Unarmed           ||    40
       Headbutt          ||     8
       Punch             ||     2
       Hand axe          ||    55
 Cast: Beastly Appendage ||     7
 Stab: Sleeping          ||     1
Armor: Robe              ||     4
       Leather armour    ||    21
Dodge: Dodged            ||    81

Levels and vault maps discovered:
D:1:      minmay_arrival_glassed_features, layout_basic
D:2:      layout_basic, uniq_robin, uniq_natasha, uniq_sigmund

Notes
Turn   | Place    | Note
-------+----------+-------------------------------------------
     0 | D:1      | Faeu the Djinni Transmuter began the quest for the Orb.
     0 | D:1      | Reached XP level 1. HP: 17/17 MP: 0/0
     0 | D:1      | magus.rc [v1.9.6]
   159 | D:1      | Reached skill level 2 in Fighting
   159 | D:1      | Reached XP level 2. HP: 16/23 MP: 0/0
  1244 | D:2      | Noticed Natasha
  1260 | D:2      | Killed Natasha
  1261 | D:2      | Reached skill level 3 in Fighting
  1261 | D:2      | Reached XP level 3. HP: 9/30 MP: 0/0
  1261 | D:2      | Learned a level 1 spell: Sting
  1581 | D:2      | Noticed Sigmund
  1662 | D:2      | Noticed Natasha
  1671 | D:2      | HP: 6/30 [Natasha (8)]
  1672 | D:2      | Slain by Natasha

Vanquished Creatures
  Natasha (D:2)
  3 ball pythons (D:1)
  A bat (D:1)
  2 endoplasms
  2 giant cockroaches
  3 goblins (D:1)
  A hobgoblin (D:1)
  A quokka (D:1)
  3 frilled lizards (D:1)
  A kobold (D:1)
  2 rats (D:1)
20 creatures vanquished.

Table legend:
 A = Non-vault XP
 B = Vault XP
 C = Vault XP percentage of total XP
 D = Non-vault monster count
 E = Vault monster count
 F = Vault count percentage of total count
                 A         B        C        D         E       F
            +---------+---------+-------+---------+---------+-------
      Total |      31 |      35 |  53.0 |      19 |       1 |   5.0
            +---------+---------+-------+---------+---------+-------
        D:1 |      27 |       0 |   0.0 |      17 |       0 |   0.0
        D:2 |       4 |      35 |  89.7 |       2 |       1 |  33.3
            +---------+---------+-------+---------+---------+-------

Illustrated notes

Table legend:
 A = Kills in this place as a percentage of kills in entire the game.
 B = Kills by you in this place as a percentage of kills by you in the entire game.
 C = Kills by friends in this place as a percentage of kills by friends in the entire game.
 D = Other kills in this place as a percentage of other kills in the entire game.
 E = Experience gained in this place as a percentage of experience gained in the entire game.
 F = Experience gained in this place divided by the number of levels of this place that you have seen.
                   A       B       C       D       E      F
               +-------+-------+-------+-------+-------+----------------------
         Total | 100.0 | 100.0 |   N/A |   N/A | 100.0 |  33.0
       Dungeon | 100.0 | 100.0 |   N/A |   N/A | 100.0 |  33.0
               +-------+-------+-------+-------+-------+----------------------

Table legend: (Time is in decaauts)
 A = Elapsed time spent in this place.
 B = Non-inter-level travel time spent in this place.
 C = Inter-level travel time spent in this place.
 D = Time resting spent in this place.
 E = Time spent auto-exploring this place.
 F = Levels seen in this place.
 G = Mean time per level.
                   A        B        C        D        E       F      G
               +--------+--------+--------+--------+--------+-----+--------+
         Total |   1688 |   1653 |     35 |    337 |    827 |   2 |  844.0 |
       Dungeon |   1688 |   1653 |     35 |    337 |    827 |   2 |  844.0 |
               +--------+--------+--------+--------+--------+-----+--------+

Top non-repeatable levels by time:
     D:1: 1228 daAuts
     D:2: 460 daAuts
